[Event "Titled Tuesday Blitz January 31 Late 2023"]
[White "Fernandez, Maria Florencia"]
[Black "Sokolovsky, Yahli"]
[WhiteFideId "116459"]
[BlackFideId "2820242"]
[WhiteElo "2129"]
[BlackElo "2461"]
[Result "0-1"]
[Round "02"]
[TimeControl "180+2"]
[Date "2023.01.31"]
[WhiteClock "0:00:04"]
[BlackClock "0:00:10"]

1. d4 d6 2. c4 e5 3. Nc3 exd4 4. Qxd4 Nc6 5. Qd1 Nf6 6. Nf3 Be7 7. g3 O-O 8. Bg2 Bf5 9. O-O Qd7 10. Nd5 Be4 11. Nxe7+ Qxe7 12. b3 Rae8 13. Bb2 Nd7 14. Qd2 Nc5 15. Qc3 f6 16. Rfe1 a5 17. Qd2 b6 18. Qf4 Ne5 19. Nd4 Bxg2 20. Kxg2 Qd7 21. Rad1 Ne6 22. Qd2 Nxd4 23. Bxd4 Qc6+ 24. Kg1 Re7 25. Bxe5 fxe5 26. Qd5+ Qxd5 27. cxd5 e4 28. Rc1 Rf5 29. Red1 Ref7 30. Rd4 Re5 31. Kg2 Kf8 32. Rcc4 Rfe7 33. Rc3 Ke8 34. Re3 Kd8 35. g4 g5 36. Kg3 h6 37. h4 gxh4+ 38. Kxh4 Kc8 39. Kg3 Kb7 40. Rd2 Ka6 41. Rd4 Kb5 42. Rd2 Kb4 43. Rd4+ Kc5 44. Rd2 Rf7 45. Rc3+ Kb5 46. Re3 Kc5 47. Rc3+ Kb4 48. Re3 Ka3 49. Rd4 Kxa2 50. Ra4+ Kb2 51. Rd4 h5 52. Rd2+ Ka3 53. gxh5 Rxh5 54. Rxe4 Rg5+ 55. Rg4 Rxg4+ 56. Kxg4 Rxf2 57. Kg3 Rf5 58. e4 Rf7 59. Rd3 Kb4 60. Kg4 b5 61. Kg5 a4 62. Kg6 Rf4 63. bxa4 bxa4 64. Rd4+ Kb3 65. Kg5 Rf1 66. e5 dxe5 67. Re4 a3 68. Re3+ Kb4 69. Re4+ Kc5 70. Rxe5 a2 71. d6+ Kxd6 72. Ra5 a1=Q 73. Rxa1 Rxa1 0-1


[Site "https://www.chess.com"]

[Event "Titled Tuesday Blitz January 31 Late 2023"]
[White "Rengifo Blancas, Renzo Jhonathan"]
[Black "Do Valle Cardoso, Lucas"]
[WhiteFideId "3807185"]
[BlackFideId "2163144"]
[WhiteElo "2131"]
[BlackElo "2250"]
[Result "1/2-1/2"]
[Round "02"]
[TimeControl "180+2"]
[Date "2023.01.31"]
[WhiteClock "0:00:10"]
[BlackClock "0:00:07"]

1. e4 c5 2. c3 d6 3. d4 cxd4 4. cxd4 Nf6 5. Nc3 e6 6. f4 Be7 7. Nf3 O-O 8. Bd3 a6 9. O-O b5 10. e5 dxe5 11. fxe5 Nd5 12. Qe2 Bb7 13. Ne4 Nc6 14. Neg5 g6 15. Qf2 Ndb4 16. Qh4 h5 17. Bb1 Rc8 18. a3 Nxd4 19. Qxd4 Bc5 20. Qxc5 Rxc5 21. axb4 Rxc1 22. Rxc1 Qb6+ 23. Kh1 h4 24. Be4 h3 25. gxh3 Bxe4 26. Nxe4 Qe3 27. Nf6+ Kg7 28. Kg2 Rd8 29. Re1 Qf4 30. Rad1 Rxd1 31. Rxd1 Qxb4 32. Rd8 Qxb2+ 33. Kg3 g5 34. Rg8+ Kh6 35. Ng4+ Kh7 36. Nf6+ Kh6 37. Ng4+ Kh7 38. Nf6+ Kh6 1/2-1/2


[Site "https://www.chess.com"]

[Event "Titled Tuesday Blitz January 31 Late 2023"]
[White "Tristan, Leonardo"]
[Black "Grot, Blazej"]
[WhiteFideId "113816"]
[BlackFideId "21835845"]
[WhiteElo "2545"]
[BlackElo "1990"]
[Result "1-0"]
[Round "02"]
[TimeControl "180+2"]
[Date "2023.01.31"]
[WhiteClock "0:02:12"]
[BlackClock "0:00:01"]

1. d4 d5 2. Nf3 Nf6 3. Bf4 Bf5 4. e3 e6 5. c4 c6 6. Nc3 Nbd7 7. Qb3 Qb6 8. c5 Qxb3 9. axb3 Be7 10. h3 O-O 11. b4 Ne4 12. Nxe4 Bxe4 13. Nd2 Bg6 14. Nb3 Rfc8 15. Na5 b6 16. Ba6 bxa5 17. Bxc8 Rxc8 18. Rxa5 Ra8 19. Ke2 e5 20. dxe5 Bf5 21. g4 Be6 22. Rha1 h5 23. f3 hxg4 24. hxg4 Rb8 25. R1a4 g5 26. Bg3 Bf8 27. Rxa7 Bg7 28. Ra8 Rxa8 29. Rxa8+ Kh7 30. Ra6 Bxe5 31. Bxe5 Nxe5 32. f4 gxf4 33. exf4 Bxg4+ 34. Kf2 Nd3+ 35. Kg3 Bf5 36. Rxc6 Nxb4 37. Rb6 Nc2 38. c6 Nd4 39. c7 Ne2+ 40. Kf3 Nd4+ 41. Ke3 Nc2+ 42. Kd2 Nd4 43. Rf6 1-0


[Site "https://www.chess.com"]

[Event "Titled Tuesday Blitz January 31 Late 2023"]
[White "Martinez Ramirez, Lennis"]
[Black "Villarreal, Agustin"]
[WhiteFideId "3509079"]
[BlackFideId "125687"]
[WhiteElo "2426"]
[BlackElo "2299"]
[Result "0-1"]
[Round "02"]
[TimeControl "180+2"]
[Date "2023.01.31"]
[WhiteClock "0:01:21"]
[BlackClock "0:01:26"]

1. c4 e6 2. Nf3 d5 3. d4 Be7 4. g3 Nf6 5. Bg2 O-O 6. Qc2 b6 7. cxd5 exd5 8. O-O Bb7 9. Rd1 Nbd7 10. Nc3 Rc8 11. Nb5 a6 12. Na7 Ra8 13. Nc6 Bxc6 14. Qxc6 Bd6 15. Bf4 Bxf4 16. gxf4 Re8 17. Ne5 Re6 18. Qc3 Nxe5 19. dxe5 Nh5 20. Rxd5 Qh4 21. e3 Rg6 22. Rad1 Rf8 23. f3 Qh3 24. Qc2 Qxf3 25. Qxg6 Qxe3+ 26. Kh1 hxg6 27. f5 Nf4 28. e6 fxe6 29. fxe6 Nxg2 30. e7 Qxe7 31. Kxg2 Qe2+ 32. Kg1 Qe3+ 33. Kh1 Rf2 34. Rd8+ Kh7 35. R8d3 Qe4+ 36. Kg1 Qg2# 0-1


[Site "https://www.chess.com"]

[Event "Titled Tuesday Blitz January 31 Late 2023"]
[White "Alex_Sahakyan2006"]
[Black "marik_spb"]
[WhiteElo "2668"]
[BlackElo "2323"]
[Result "1-0"]
[Round "02"]
[TimeControl "180+2"]
[Date "2023.01.31"]
[WhiteClock "0:01:58"]
[BlackClock "0:00:24"]

1. e4 e5 2. Nf3 Nc6 3. Bb5 a6 4. Ba4 Nf6 5. O-O Be7 6. Bxc6 dxc6 7. d3 Nd7 8. Nbd2 O-O 9. Nc4 f6 10. Nh4 b6 11. f4 exf4 12. Bxf4 Nc5 13. Be3 Ne6 14. Nf5 c5 15. Rf3 g6 16. Rg3 Kh8 17. Nxe7 Qxe7 18. Qd2 Bd7 19. Bh6 Rg8 20. Rf1 b5 21. Ne3 Nd4 22. Nd5 Qe5 23. Bf4 Qh5 24. Nxf6 Ne2+ 25. Kf2 Nxf4 26. Nxh5 Nxh5 27. Rf3 b4 28. Kg1 Bg4 29. Rf7 Be6 30. Rxc7 Rgf8 31. Rxf8+ Rxf8 32. Qh6 1-0


[Site "https://www.chess.com"]

[Event "Titled Tuesday Blitz January 31 Late 2023"]
[White "Melikhov, Evgeny V."]
[Black "Bujisho, Benjamin"]
[WhiteFideId "4122046"]
[BlackFideId "608610"]
[WhiteElo "2269"]
[BlackElo "2338"]
[Result "0-1"]
[Round "02"]
[TimeControl "180+2"]
[Date "2023.01.31"]
[WhiteClock "0:00:01"]
[BlackClock "0:00:38"]

1. d4 d6 2. e4 g6 3. c4 Bg7 4. Nc3 Nf6 5. f3 O-O 6. Be3 c5 7. Nge2 Nc6 8. d5 Ne5 9. Ng3 a6 10. a4 h5 11. Be2 h4 12. Nf1 e6 13. Bg5 Qa5 14. Ra3 exd5 15. cxd5 h3 16. Ne3 hxg2 17. Rg1 Bh3 18. Nxg2 Bxg2 19. Rxg2 Rfe8 20. Kf2 c4 21. Be3 Rac8 22. Bd4 Nd3+ 23. Bxd3 Ng4+ 24. Rxg4 Bxd4+ 25. Kg2 cxd3 26. Qxd3 Qb4 27. Nd1 Bg7 28. Rb3 Qe1 29. Rxb7 Rc1 30. Qf1 Qxf1+ 31. Kxf1 Rxd1+ 32. Ke2 Rb1 33. Rf4 Rxb2+ 34. Rxb2 Bxb2 35. Kd3 Be5 36. Rh4 Rb8 37. Rg4 Rb3+ 38. Kc4 Rxf3 39. h4 Rc3+ 40. Kb4 Rc5 41. h5 a5+ 42. Kb3 Kg7 43. hxg6 fxg6 44. Rg2 Rc3+ 45. Ka2 Re3 46. Rc2 Rxe4 0-1


[Site "https://www.chess.com"]

[Event "Titled Tuesday Blitz January 31 Late 2023"]
[White "Leiva, Gianmarco"]
[Black "Vaglio Mattey, Emanuel"]
[WhiteFideId "3804399"]
[BlackFideId "6504167"]
[WhiteElo "2392"]
[BlackElo "2155"]
[Result "1-0"]
[Round "02"]
[TimeControl "180+2"]
[Date "2023.01.31"]
[WhiteClock "0:00:09"]
[BlackClock "0:00:31"]

1. e4 c6 2. d4 d5 3. Nc3 dxe4 4. Nxe4 Nf6 5. Nxf6+ exf6 6. c3 Bd6 7. Bd3 O-O 8. Qc2 Re8+ 9. Ne2 h6 10. Be3 Be6 11. Ng3 a5 12. O-O Qc7 13. Qd2 Bf8 14. Bf4 Qc8 15. Rfe1 c5 16. Nh5 cxd4 17. Bxh6 dxc3 18. bxc3 gxh6 19. Nxf6+ Kh8 20. Nxe8 Qxe8 21. Bf5 Nc6 22. Bxe6 fxe6 23. Rab1 Qf7 24. Re3 Rd8 25. Qe2 e5 26. Rf3 Qd5 27. h3 e4 28. Rf6 Bg7 29. Rg6 Qd3 30. Re1 Bxc3 31. Rxh6+ Kg8 32. Qg4+ Bg7 33. Rg6 Qd7 34. Rxe4 Qxg4 35. Rexg4 Kh7 36. Rxg7+ Kh8 37. R7g6 Rd1+ 38. Kh2 Kh7 39. Rg7+ Kh8 40. Rxb7 Ne5 41. Rh4+ Kg8 42. Rb8+ Kf7 43. Ra4 Nc6 44. Rb7+ Ke8 45. Re4+ Kd8 46. Rb2 Kc8 47. Ree2 Kc7 48. Rbd2 Ra1 49. Rc2 Kb7 50. Red2 Nb4 51. Rb2 Ka6 52. h4 Nxa2 53. Rxa2 Rc1 54. h5 Rc5 55. g4 Rc3 56. Kg2 Kb5 57. f3 a4 58. h6 a3 59. g5 Kb4 60. h7 Rc6 61. h8=Q Rc5 62. g6 Rg5+ 63. Kf2 Rxg6 64. Qf8+ 1-0


[Site "https://www.chess.com"]

[Event "Titled Tuesday Blitz January 31 Late 2023"]
[White "Rosen, Eric"]
[Black "Peatman, Carter"]
[WhiteFideId "2032562"]
[BlackFideId "2096480"]
[WhiteElo "2349"]
[BlackElo "1998"]
[Result "1-0"]
[Round "02"]
[TimeControl "180+2"]
[Date "2023.01.31"]
[WhiteClock "0:00:02"]
[BlackClock "0:00:03"]

1. d4 d5 2. Bf4 c5 3. Nc3 a6 4. e4 dxe4 5. dxc5 Qxd1+ 6. Rxd1 Nf6 7. Na4 Nbd7 8. Bc7 e6 9. Nb6 Nxb6 10. Rd8+ Ke7 11. cxb6 g6 12. f3 Bg7 13. Rxh8 Bxh8 14. fxe4 Nxe4 15. c3 Bd7 16. Nf3 Bc6 17. Bd3 Nc5 18. Bc2 Nd7 19. Kf2 Bxf3 20. Kxf3 Be5 21. Be4 Bxc7 22. bxc7 Rc8 23. Bxb7 Rxc7 24. Be4 Nf6 25. Bd3 Nd7 26. Bxa6 Rc5 27. a4 Ne5+ 28. Ke2 Ra5 29. Bb5 Kd6 30. Rd1+ Kc7 31. b4 Ra7 32. h3 Rb7 33. Ke3 f5 34. Kf4 Nf7 35. Rd7+ Kc8 36. Rd1 e5+ 37. Ke3 Rc7 38. c4 f4+ 39. Ke4 Re7 40. c5 Ng5+ 41. Kd3 e4+ 42. Ke2 f3+ 43. gxf3 exf3+ 44. Kf2 Rf7 45. Bc4 Ne4+ 46. Ke3 Nc3 47. Rf1 Rf6 48. Rxf3 1-0


[Site "https://www.chess.com"]

[Event "Titled Tuesday Blitz January 31 Late 2023"]
[White "Kraus, Tomas"]
[Black "Hasanagic, Anel"]
[WhiteFideId "331708"]
[BlackFideId "14605791"]
[WhiteElo "2473"]
[BlackElo "2243"]
[Result "0-1"]
[Round "02"]
[TimeControl "180+2"]
[Date "2023.01.31"]
[WhiteClock "0:00:02"]
[BlackClock "0:00:02"]

1. e4 c6 2. d4 d5 3. e5 c5 4. dxc5 Nc6 5. f4 Nh6 6. a3 a5 7. Bb5 Bg4 8. Qd4 e6 9. Qa4 Rc8 10. Be3 Nf5 11. Bf2 Bh5 12. Nd2 g5 13. Nh3 g4 14. Ng1 Be7 15. g3 Bg6 16. Ne2 Kf8 17. O-O-O Na7 18. Nb3 Qc7 19. h3 gxh3 20. Rxh3 f6 21. g4 Ng7 22. Bd4 f5 23. g5 Kf7 24. Ng3 Nxb5 25. Qxb5 a4 26. Qxa4 Qc6 27. Qb4 Rb8 28. Na5 Qc7 29. Qb6 Qd7 30. Qb3 Rhc8 31. Qb4 b6 32. c6 Rxc6 0-1


[Site "https://www.chess.com"]

[Event "Titled Tuesday Blitz January 31 Late 2023"]
[White "Mladek, Richard"]
[Black "Sai Han Thiha"]
[WhiteFideId "386588"]
[BlackFideId "13012290"]
[WhiteElo "2436"]
[BlackElo "2070"]
[Result "1-0"]
[Round "02"]
[TimeControl "180+2"]
[Date "2023.01.31"]
[WhiteClock "0:00:10"]
[BlackClock "0:00:07"]

1. d4 Nf6 2. c4 g6 3. Nc3 Bg7 4. h4 c5 5. d5 h5 6. e4 d6 7. Be2 O-O 8. Nh3 e6 9. Ng5 exd5 10. cxd5 a6 11. a4 Qe7 12. O-O Ng4 13. Bf4 Nd7 14. Ra3 Nde5 15. a5 Rb8 16. Na4 Bd7 17. Nb6 Bb5 18. Bxb5 axb5 19. Qe2 Nc4 20. Nxc4 bxc4 21. Ra2 Be5 22. Bc1 b5 23. f3 Nf6 24. Be3 Ra8 25. Qd2 Nh7 26. f4 Nxg5 27. hxg5 Bg7 28. f5 Be5 29. f6 Qd7 30. Bf4 Bxf4 31. Qxf4 Rfe8 32. Re1 Re5 33. Re3 b4 34. Qf1 Rxg5 35. Qxc4 Re5 36. a6 Qa7 37. Qb5 Qc7 38. Qb7 Qxb7 39. axb7 Rb8 40. Ra8 Ree8 41. Ra7 Red8 42. e5 dxe5 43. Rxe5 Rd7 44. Re7 Rdd8 45. Rc7 c4 46. Rxc4 Kf8 47. d6 Ke8 48. Rc7 Rxd6 49. Re7+ Kf8 50. Rc7 Ke8 51. Re7+ Kf8 52. Ra8 Rdd8 53. Rxb8 Rxb8 54. Rc7 Ke8 55. Rc8+ Kd7 56. Rxb8 Kc7 57. Rf8 Kxb7 58. Rxf7+ Kc6 59. Rg7 1-0


[Site "https://www.chess.com"]

[Event "Titled Tuesday Blitz January 31 Late 2023"]
[White "Sztokbant, Bernardo Vainzoff"]
[Black "Semenenko, Dmytry"]
[WhiteFideId "2115956"]
[BlackFideId "14118645"]
[WhiteElo "2213"]
[BlackElo "2113"]
[Result "1-0"]
[Round "02"]
[TimeControl "180+2"]
[Date "2023.01.31"]
[WhiteClock "0:00:11"]
[BlackClock "0:00:32"]

1. e4 Nf6 2. Nf3 Nxe4 3. d4 d5 4. Bd3 Nf6 5. O-O e6 6. Re1 Be7 7. Bf4 O-O 8. Nbd2 c5 9. dxc5 Bxc5 10. Ne5 Nc6 11. Ndf3 Qb6 12. Qe2 Bd6 13. c3 Nxe5 14. Nxe5 Qc7 15. Qf3 b6 16. Rad1 Bb7 17. Qh3 g6 18. Qh4 Nd7 19. Nxd7 Qxd7 20. Bh6 Be7 21. Qd4 f6 22. Bxf8 Rxf8 23. Qg4 Bc8 24. Bxg6 Kh8 25. Qh5 Bc5 26. Rxe6 Rg8 27. Rxf6 Qg7 28. b4 Be7 29. Rf7 Qxg6 30. Qxg6 Rxg6 31. Rxe7 Bh3 32. g3 Rc6 33. Rxd5 Rc8 34. Rh5 Bg4 35. Rhxh7+ Kg8 36. Reg7+ Kf8 37. Rxg4 Rxc3 38. Rgg7 Rc2 39. Rxa7 Kg8 40. Rhd7 Rc8 41. Rab7 Kf8 42. Kg2 Kg8 43. h4 Rf8 44. h5 Re8 45. g4 Kh8 46. g5 Rg8 47. Rh7# 1-0


[Site "https://www.chess.com"]

[Event "Titled Tuesday Blitz January 31 Late 2023"]
[White "Sarkar, Justin"]
[Black "Machidon, Cristi"]
[WhiteFideId "2010011"]
[BlackFideId "13904590"]
[WhiteElo "2309"]
[BlackElo "2301"]
[Result "0-1"]
[Round "02"]
[TimeControl "180+2"]
[Date "2023.01.31"]
[WhiteClock "0:00:06"]
[BlackClock "0:01:26"]

1. a4 e5 2. a5 Nf6 3. e3 d5 4. d4 exd4 5. exd4 Bd6 6. Bd3 O-O 7. Ne2 Nc6 8. c3 Re8 9. O-O Ne4 10. f3 Qh4 11. Bf4 Bxf4 12. Nxf4 Qxf4 13. fxe4 Qe3+ 14. Kh1 dxe4 15. Bc4 Be6 0-1


[Site "https://www.chess.com"]

[Event "Titled Tuesday Blitz January 31 Late 2023"]
[White "Figorito, Nick"]
[Black "Omelja, Artem"]
[WhiteFideId "30923689"]
[BlackFideId "14119846"]
[WhiteElo "2036"]
[BlackElo "2446"]
[Result "1/2-1/2"]
[Round "02"]
[TimeControl "180+2"]
[Date "2023.01.31"]
[WhiteClock "0:01:06"]
[BlackClock "0:00:54"]

1. Nf3 Nf6 2. g3 e6 3. Bg2 d5 4. O-O Be7 5. d4 O-O 6. c4 dxc4 7. Qc2 a6 8. Qxc4 b5 9. Qc2 Bb7 10. Nc3 Nbd7 11. Bf4 Rc8 12. Rac1 c5 13. dxc5 Nxc5 14. Rfd1 Qb6 15. Be3 Qa5 16. a3 b4 17. axb4 Qxb4 18. Rd4 Qb3 19. Rh4 Qxc2 20. Rxc2 Nce4 21. Ng5 Rc4 22. Ngxe4 Nxe4 23. Rxe4 Bxe4 24. Bxe4 Bf6 25. Bd3 Rc6 26. Be4 Rc4 27. Bd3 Rc6 28. Be4 Rc4 1/2-1/2


[Site "https://www.chess.com"]

[Event "Titled Tuesday Blitz January 31 Late 2023"]
[White "Richter, Paul"]
[Black "Vasques, Antonio Pedro Freixial"]
[WhiteFideId "2046350"]
[BlackFideId "1908332"]
[WhiteElo "2171"]
[BlackElo "2214"]
[Result "1-0"]
[Round "02"]
[TimeControl "180+2"]
[Date "2023.01.31"]
[WhiteClock "0:00:12"]
[BlackClock "0:00:03"]

1. e4 c5 2. Nf3 d6 3. d4 Nf6 4. Nc3 cxd4 5. Nxd4 a6 6. Be2 e6 7. Be3 Be7 8. Bf3 O-O 9. Qe2 Nc6 10. Nxc6 bxc6 11. O-O-O Qa5 12. g4 Rb8 13. Qd3 Nd7 14. Be2 Ne5 15. Qd2 d5 16. Bf4 Ba3 17. Nb5 Bxb2+ 18. Kxb2 Rxb5+ 19. Bxb5 Qxb5+ 20. Ka1 Nc4 21. Qc3 a5 22. h4 Re8 23. e5 c5 24. Rb1 Qc6 25. h5 Ba6 26. h6 d4 27. Qh3 g6 28. Qh4 Na3 29. Rb2 c4 30. Rc1 c3 31. Rb3 f5 32. Qf6 Qd7 33. Rxa3 Rf8 34. Qg5 fxg4 35. Qxg4 Rf5 36. Rxa5 Bc8 37. Ra8 Qc6 38. Rb8 Qc7 39. Rb4 d3 40. cxd3 Ba6 41. Be3 Bxd3 42. Qd4 Ba6 43. Qxc3 1-0


[Site "https://www.chess.com"]

[Event "Titled Tuesday Blitz January 31 Late 2023"]
[White "Kim, Sergey"]
[Black "Kaganskiy, Gleb"]
[WhiteFideId "13700570"]
[BlackFideId "4132025"]
[WhiteElo "2295"]
[BlackElo "2205"]
[Result "1-0"]
[Round "02"]
[TimeControl "180+2"]
[Date "2023.01.31"]
[WhiteClock "0:01:46"]
[BlackClock "0:00:19"]

1. d4 d6 2. c4 e5 3. Nf3 e4 4. Ng5 f5 5. Nc3 c6 6. h4 h6 7. Nh3 Qxh4 8. g3 Qh5 9. Bg2 Qf7 10. Bf4 Nf6 11. Qb3 Rg8 12. d5 g5 13. Be3 Ng4 14. O-O-O Nxe3 15. fxe3 Na6 16. Rhf1 Nc5 17. Qa3 Qg6 18. Nf2 Bg7 19. g4 Bxc3 20. Qxc3 fxg4 21. Qd4 Bf5 22. dxc6 bxc6 23. Qxd6 Qxd6 24. Rxd6 Rg6 25. Rxg6 Bxg6 26. Nxg4 h5 27. Ne5 Bh7 28. Rf7 Bg8 29. Rg7 O-O-O 30. Rxg5 Be6 31. Nxc6 Rf8 32. Rxc5 Kb7 33. Nd4 Bd7 34. Bxe4+ 1-0


[Site "https://www.chess.com"]

[Event "Titled Tuesday Blitz January 31 Late 2023"]
[White "Al-Tarboush, Ward"]
[Black "Gonzalez, Francisco Silva"]
[WhiteFideId "7601450"]
[BlackFideId "1512285"]
[WhiteElo "2256"]
[BlackElo "2021"]
[Result "0-1"]
[Round "02"]
[TimeControl "180+2"]
[Date "2023.01.31"]
[WhiteClock "0:00:06"]
[BlackClock "0:00:42"]

1. e4 e5 2. Nf3 Nc6 3. Bb5 g6 4. O-O Bg7 5. c3 a6 6. Ba4 Nge7 7. d4 exd4 8. cxd4 O-O 9. Nc3 b5 10. Bb3 d6 11. Bg5 h6 12. Bh4 Bg4 13. Nd5 g5 14. h3 Bxf3 15. Qxf3 Nxd4 16. Qg4 Nxb3 17. axb3 Nxd5 18. exd5 gxh4 19. Rfe1 Qg5 20. Qf3 Bxb2 21. Ra2 Bg7 22. Rae2 a5 23. Re4 h5 24. Rf4 a4 25. Rf5 Qg6 26. Rxh5 a3 27. Rxh4 a2 28. Rg4 a1=Q 29. Rxa1 Rxa1+ 30. Kh2 Qxg4 31. Qxg4 f5 32. Qg6 Re1 33. h4 Rf6 34. Qg5 Kf7 35. Qd2 Re5 36. Qc2 Kg6 37. Qxc7 Rxd5 38. Qc6 Re5 39. f4 Re4 40. Qxb5 Rxf4 41. Qe8+ Kh7 42. Kh3 Rh6 43. g3 Re4 44. Qf7 Re5 45. b4 Rf6 46. Qh5+ Kg8 47. b5 Rh6 48. Qg5 Rxb5 49. Qd8+ Bf8 50. Qd7 Re5 51. Kg2 Rg6 52. Kf3 Rg4 53. h5 Rg5 54. h6 Rh5 55. g4 fxg4+ 56. Qxg4+ Reg5 57. Qe6+ Kh7 58. Qf7+ Bg7 0-1


[Site "https://www.chess.com"]

[Event "Titled Tuesday Blitz January 31 Late 2023"]
[White "Poltorak, Sebastian"]
[Black "Nikologorsky, Matfei"]
[WhiteFideId "1199498"]
[BlackFideId "24102474"]
[WhiteElo "2354"]
[BlackElo "2182"]
[Result "1-0"]
[Round "02"]
[TimeControl "180+2"]
[Date "2023.01.31"]
[WhiteClock "0:00:12"]
[BlackClock "0:00:06"]

1. e4 c5 2. Nc3 e6 3. Nge2 a6 4. g3 Nc6 5. Bg2 d6 6. O-O g6 7. d4 cxd4 8. Nxd4 Bg7 9. Be3 Nge7 10. Qd2 h6 11. Rad1 Qc7 12. Nxc6 Nxc6 13. Qxd6 Qxd6 14. Rxd6 Bxc3 15. bxc3 Kf8 16. Rfd1 Kg7 17. f4 e5 18. fxe5 Re8 19. Bd4 Nxe5 20. Rd5 f6 21. Bxe5 fxe5 22. h3 Be6 23. Rxe5 Rac8 24. Bf3 Rxc3 25. Bg4 Bf7 26. Rxe8 Bxe8 27. Rd8 Bc6 28. e5 Rxg3+ 29. Kf2 Rg2+ 30. Ke3 Rxc2 31. Rc8 Rxa2 32. Rc7+ Kf8 33. e6 Ra4 34. Kd3 h5 35. Bd1 Ra3+ 36. Kd4 Rxh3 37. Ke5 Rh4 38. Bc2 Ke8 39. Bxg6+ Kd8 40. Rh7 Rh2 41. e7+ Kc8 42. Bf5+ Kb8 43. Rh6 Re2+ 44. Kf6 Kc7 45. Rh8 Kb6 46. Rc8 Bb5 47. Rc3 h4 48. Rb3 Kc7 49. Rxb5 axb5 50. Be6 Rf2+ 51. Kg7 Rg2+ 52. Kh7 h3 53. e8=Q h2 54. Qd7+ Kb6 55. Qd6+ Ka7 56. Qc5+ Kb8 57. Qf8+ Ka7 58. Qc5+ Kb8 59. Qe5+ Ka7 60. Qe3+ Kb8 61. Qh3 Re2 62. Bd5 Ka7 63. Kg6 Kb8 64. Kf5 Ka7 65. Kf4 Kb8 66. Bf3 Rb2 67. Qh8+ Ka7 68. Qxb2 Kb6 69. Bh1 Kc5 70. Ke4 b6 71. Qc3+ Kd6 72. Qd4+ Kc7 73. Qd5 Kb8 74. Qd7 b4 75. Kd5 b3 76. Kc6 b2 77. Qb7# 1-0


[Site "https://www.chess.com"]

[Event "Titled Tuesday Blitz January 31 Late 2023"]
[White "Mazurkiewicz, Michal"]
[Black "Ismagilov, Damir"]
[WhiteFideId "1124943"]
[BlackFideId "34199982"]
[WhiteElo "2145"]
[BlackElo "2156"]
[Result "1-0"]
[Round "02"]
[TimeControl "180+2"]
[Date "2023.01.31"]
[WhiteClock "0:00:39"]
[BlackClock "0:00:18"]

1. e4 c6 2. d3 d5 3. Nd2 g6 4. Ngf3 Bg7 5. g3 dxe4 6. dxe4 e5 7. Bg2 Ne7 8. O-O O-O 9. Nc4 Qc7 10. Qd6 Qxd6 11. Nxd6 Rd8 12. Nxc8 Rxc8 13. Bd2 Nd7 14. Bc3 f6 15. Rfd1 Rd8 16. Bf1 Nb6 17. a4 Kf8 18. a5 Nd7 19. b4 a6 20. Nd2 Kg8 21. Nc4 Nf8 22. Nd6 h5 23. Bc4+ Kh7 24. Nxb7 Rdb8 25. Nc5 Nc8 26. Nxa6 Rb7 27. Rd8 Rba7 28. Rad1 Nd7 29. R1xd7 Rxd7 30. Rxd7 Kh6 31. Nc5 Bf8 32. Ne6 Be7 33. h4 Rb8 34. Bd2+ g5 35. hxg5+ fxg5 36. Rxe7 Nxe7 37. Bxg5+ Kg6 38. Bxe7 Rxb4 39. Bxb4 1-0


[Site "https://www.chess.com"]

[Event "Titled Tuesday Blitz January 31 Late 2023"]
[White "ArchibaldCerveza29"]
[Black "Freile Martin, Javier"]
[BlackFideId "3600165"]
[WhiteElo "2532"]
[BlackElo "2329"]
[Result "1-0"]
[Round "02"]
[TimeControl "180+2"]
[Date "2023.01.31"]
[WhiteClock "0:01:13"]
[BlackClock "0:00:53"]

1. e4 c5 2. Nf3 d6 3. d4 cxd4 4. Nxd4 Nf6 5. Nc3 Bd7 6. Bg5 Nc6 7. Be2 Rc8 8. Qd2 Nxd4 9. Qxd4 Qa5 10. f4 e5 11. Qd2 Rxc3 12. Qxc3 Qxc3+ 13. bxc3 Nxe4 14. Rb1 Nxg5 15. fxg5 Bc6 16. Bb5 Kd7 17. O-O Ke6 18. Bxc6 bxc6 19. Rb7 f5 20. gxf6 gxf6 21. Rxa7 d5 22. Rc7 Bc5+ 23. Kh1 Kd6 24. Rf7 e4 25. R1xf6+ Ke5 26. Rxc6 Bd6 27. g4 Rb8 28. Rf5+ Ke6 29. Rh5 Rb2 30. Rh6+ Ke5 31. Rcxd6 Rxc2 32. Rdf6 Rxc3 33. Rf2 e3 34. Re2 d4 35. Rxh7 Ke4 36. Kg2 Kd3 37. Kf3 Rc1 38. Rb2 Rf1+ 39. Kg2 e2 40. Rxe2 Kxe2 41. Re7+ 1-0


[Site "https://www.chess.com"]

[Event "Titled Tuesday Blitz January 31 Late 2023"]
[White "Hernandez Sanchez, Elvis De La Caridad"]
[Black "Foerster-Yialamas, Lucas"]
[WhiteFideId "6400353"]
[BlackFideId "30901774"]
[WhiteElo "2243"]
[BlackElo "2151"]
[Result "1/2-1/2"]
[Round "02"]
[TimeControl "180+2"]
[Date "2023.01.31"]
[WhiteClock "0:00:21"]
[BlackClock "0:00:37"]

1. e4 e6 2. d4 b6 3. Bd3 Bb7 4. Nf3 Nf6 5. Qe2 d5 6. e5 Ne4 7. Nbd2 Nxd2 8. Bxd2 c5 9. c3 Nc6 10. a3 Be7 11. h4 a6 12. Rh3 g6 13. h5 g5 14. Rg3 h6 15. b4 c4 16. Bc2 a5 17. b5 Nb8 18. a4 Nd7 19. Nh2 Qc7 20. Ng4 O-O-O 21. O-O-O Rde8 22. Kb1 Bd8 23. Rf3 Ref8 24. Bc1 Be7 25. Re3 Rfg8 26. Rf3 Rf8 27. Rg3 Re8 28. f4 f5 29. exf6 Bxf6 30. Nxf6 Nxf6 31. Re3 gxf4 32. Rxe6 Ne4 33. Bxe4 dxe4 34. Rxe8+ Rxe8 35. Qg4+ Qd7 36. Qxd7+ Kxd7 37. Bxf4 e3 38. Re1 e2 39. Kc1 Bxg2 40. Kd2 Bf3 41. Bxh6 Bxh5 42. Rh1 Re6 43. Be3 Bf3 44. Rh7+ Re7 45. Rh6 Re6 46. Rh7+ Re7 47. Rh6 Re6 48. Rh8 Bg4 49. Bf2 Bf5 50. Rf8 Bd3 51. Rf7+ Re7 52. Rf6 Re6 53. Rf7+ Re7 54. Rxe7+ Kxe7 55. Ke1 Kd6 56. Kd2 Kd5 57. Ke1 Bc2 58. Bg3 Bxa4 59. Bc7 Bxb5 60. Bxb6 a4 61. Bc5 Ke4 62. Kxe2 Bc6 63. Kd2 Kf3 64. Bb4 Ke4 65. Kc1 Kd3 66. Kb2 Kd2 67. Ka3 Kc2 68. Ba5 Kd3 69. Kb4 Be8 70. d5 Bd7 71. d6 Be8 72. Ka3 Kc2 73. Bb4 Bd7 74. Ba5 Be8 75. Bb4 Bd7 76. Ba5 Be8 1/2-1/2


[Site "https://www.chess.com"]

[Event "Titled Tuesday Blitz January 31 Late 2023"]
[White "Mosquera, Miguel"]
[Black "Gurevich, Dmitry"]
[WhiteFideId "4401131"]
[BlackFideId "2000407"]
[WhiteElo "2371"]
[BlackElo "2393"]
[Result "0-1"]
[Round "02"]
[TimeControl "180+2"]
[Date "2023.01.31"]
[WhiteClock "0:00:02"]
[BlackClock "0:01:15"]

1. e4 c5 2. Nf3 d6 3. d4 cxd4 4. Nxd4 Nf6 5. Nc3 Nc6 6. f3 Nxd4 7. Qxd4 g6 8. Be3 Bg7 9. Qd2 O-O 10. O-O-O Be6 11. Kb1 Rc8 12. h4 h5 13. Be2 Rxc3 14. Qxc3 Nxe4 15. Qa3 Ng3 16. Rhe1 Nxe2 17. Rxe2 a6 18. Rg1 Qc7 19. g4 hxg4 20. fxg4 Rc8 21. h5 Qc4 22. Reg2 Bd5 23. Rf2 Be4 24. Qb3 Qxb3 25. axb3 d5 26. hxg6 Bxg6 27. Rd1 e6 28. Bd4 e5 29. Bb6 d4 30. b4 Rc6 31. Bc5 b6 32. Be7 Re6 33. Bd8 e4 34. Bc7 e3 35. Re2 Be4 36. Rf1 d3 37. cxd3 Bxd3+ 38. Ka1 Bxe2 39. Re1 Bd3 40. Bf4 e2 41. Bd2 Rc6 42. g5 Rc2 0-1


[Site "https://www.chess.com"]

[Event "Titled Tuesday Blitz January 31 Late 2023"]
[White "Guzman, Christopher"]
[Black "Gerbelli Neto, Eduardo"]
[WhiteFideId "6405096"]
[BlackFideId "2103281"]
[WhiteElo "2271"]
[BlackElo "2114"]
[Result "1-0"]
[Round "02"]
[TimeControl "180+2"]
[Date "2023.01.31"]
[WhiteClock "0:01:30"]
[BlackClock "0:00:14"]

1. e4 e5 2. Nf3 Nc6 3. Bb5 a6 4. Ba4 d6 5. O-O Bg4 6. c3 Qf6 7. d3 Ne7 8. Be3 Ng6 9. h3 Bxf3 10. Qxf3 Qxf3 11. gxf3 Be7 12. Nd2 O-O 13. d4 f5 14. exf5 Rxf5 15. Bc2 Rff8 16. Bxg6 hxg6 17. Kg2 exd4 18. Bxd4 Nxd4 19. cxd4 Bf6 20. Rac1 Rf7 21. Nb3 Raf8 22. Rfe1 c6 23. Re6 d5 24. Rc3 Kh7 25. Rd3 Re7 26. Rxe7 Bxe7 27. Re3 Bf6 28. f4 b6 29. Kg3 Rc8 30. Re6 a5 31. a4 Kg8 32. Rd6 Kf7 33. Rd7+ Ke6 34. Rb7 c5 35. Rxb6+ Kf7 36. dxc5 Bxb2 37. Nxa5 Bd4 38. Rb7+ Kf6 39. c6 Bc3 40. Rb5 Bxa5 41. Rxa5 Rxc6 42. Rxd5 Ra6 43. Rd4 1-0


[Site "https://www.chess.com"]